 Dungeon Crawl Stone Soup version 0.18.1-8-gdd0e5ea (webtiles) character file.

260 Implojin the Insei (level 5, -5/43 HPs)
             Began as a Mummy Monk on May 22, 2016.
             Slain by a worker ant (6 damage)
             ... on level 4 of the Dungeon.
             The game lasted 00:10:21 (5242 turns).

Implojin the Insei (Mummy Monk)                     Turns: 5242, Time: 00:10:21

Health: -5/43      AC:  1    Str: 14    XL:     5   Next: 95%
Magic:  5/5        EV: 14    Int:  9    God:
Gold:   171        SH:  0    Dex: 16    Spells: 0 memorised, 4 levels left

rFire  x . .     SeeInvis .       - Unarmed
rCold  + . .     Gourm    .     (no armour)
rNeg   + + +     Faith    .     (no shield)
rPois  ∞         Spirit   .     (no helmet)
rElec  .         Dismiss  .     (no cloak)
rCorr  .         Reflect  .     k - +0 pair of gloves
SustAt .         Harm     .     (no boots)
MR     .....                    (no amulet)
Stlth  ++........               (no ring)
                                a - +1 ring of evasion

@: not resistant to hostile enchantments, unstealthy
A: no food or potions, fire vulnerability, cold resistance 1, negative energy
resistance 3, torment resistance, unbreathing
a: no special abilities


You were on level 4 of the Dungeon.
You were not hungry.

You visited 1 branch of the dungeon, and saw 4 of its levels.

You collected 171 gold pieces.

Inventory:

Armour
 j - a +0 shield
 k - a +0 pair of gloves (worn)
Jewellery
 a - a +1 ring of evasion (left hand)
 g - an uncursed ring of wizardry
Scrolls
 b - 3 scrolls of identify
 c - a scroll of magic mapping
 e - 2 scrolls of recharging
 f - a scroll of fog
Comestibles
 d - 2 bread rations (quivered)


   Skills:
 * Level 4.9 Fighting
 - Level 2.4 Dodging
 - Level 1.5 Stealth
 - Level 5.0 Unarmed Combat


You had 4 spell levels left.
You didn't know any spells.

Dungeon Overview and Level Annotations

Branches:
Dungeon (4/15)
 Temple: D:4-7

Altars:
Kikubaaqudgha
Qazlal

Annotations:
D:3 Buffagor's ghost, amateur DsBe


Innate Abilities, Weirdness & Mutations

You do not eat or drink.
Your flesh is vulnerable to fire.
You are immune to poison.
Your flesh is cold resistant.
You are immune to negative energy.
You are immune to unholy pain and torment.
You can survive without breathing.


Message History

You closely miss the worker ant.
The worker ant is lightly wounded.
The worker ant bites you.
* * * LOW HITPOINT WARNING * * *
You hit the worker ant.
The worker ant is moderately wounded.
The worker ant bites you.
* * * LOW HITPOINT WARNING * * *
You hit the worker ant but do no damage.
The worker ant is moderately wounded.
The worker ant bites you.
* * * LOW HITPOINT WARNING * * *
You hit the worker ant.
The worker ant is heavily wounded.
The worker ant barely misses you.
Read which item? (? for menu, Esc to quit)
Okay, then.
Read which item? (? for menu, Esc to quit)
As you read the scroll labeled QETTIU EJ NOA, it crumbles to dust.
It is a scroll of enchant weapon.
You aren't carrying any weapons that can be enchanted.
The worker ant barely misses you. The worker ant bites you.
* * * LOW HITPOINT WARNING * * *
Read which item? (? for menu, Esc to quit)
As you read the scroll labeled GUMUF GIGROATH, it crumbles to dust.
It is a scroll of amnesia.
You feel forgetful for a moment. The worker ant barely misses you.
Read which item? (? for menu, Esc to quit)
Okay, then.
You closely miss the worker ant.
The worker ant is heavily wounded.
The worker ant bites you.
* * * LOW HITPOINT WARNING * * *
You completely miss the worker ant.
The worker ant is heavily wounded.
The worker ant misses you.
You closely miss the worker ant.
The worker ant is heavily wounded.
The worker ant bites you.
You die...

###
#.###.########
##
#.###.........
...
#.....########
#...
######......#
oS..#####
#.........#.#
#.....#
#.#######.#
#.....# #.#
...
#.....#####.#
###
#.....Sooa@.#
#....!#######
#.....#
#.....#
#.....#
#.....#
#.....#
#.....#


You could see a worker ant, an adder and 2 orcs.

Vanquished Creatures
  A howler monkey (D:2)
  A giant frog skeleton (D:3)
  Ijyb (D:2)
  Terence (D:2)
  2 worker ants (D:4)
  2 gnolls
  2 adders
  A shadow imp (D:4)
  A dart slug (D:2)
  An orc (D:2)
  9 bats
  A giant cockroach (D:1)
  5 hobgoblins
  2 jackals (D:1)
  A giant gecko zombie (D:3)
  3 giant newts
  8 goblins
  5 kobolds
  8 rats
55 creatures vanquished.

Notes
Turn   | Place    | Note
--------------------------------------------------------------
     0 | D:1      | Implojin the Mummy Monk began the quest for the Orb.
     0 | D:1      | Reached XP level 1. HP: 18/18 MP: 1/1
    30 | D:1      | You fall through a shaft!
   528 | D:1      | Reached XP level 2. HP: 24/24 MP: 2/2
   676 | D:2      | Noticed Ijyb
   701 | D:2      | Killed Ijyb
   701 | D:2      | Reached skill level 4 in Unarmed Combat
   701 | D:2      | Reached XP level 3. HP: 16/29 MP: 3/3
  1490 | D:2      | Found a stormy altar of Qazlal.
  1496 | D:2      | Found an ancient bone altar of Kikubaaqudgha.
  1879 | D:3      | Reached XP level 4. HP: 27/35 MP: 4/4
  2205 | D:1      | Reached skill level 5 in Unarmed Combat
  2456 | D:3      | Noticed Buffagor's ghost (amateur DsBe)
  2704 | D:2      | Reached XP level 5. HP: 30/42 MP: 5/5
  3493 | D:3      | Noticed Terence
  3614 | D:2      | Killed Terence
  3614 | D:2      | Reached skill level 4 in Fighting
  5240 | D:4      | HP: 1/43 [worker ant (5)]
  5242 | D:4      | Slain by a worker ant

Skill      XL: |  1  2  3  4  5 |
---------------+----------------+-----
Unarmed Combat | 4 5 |  5.0
Fighting       | 4 |  4.9
Dodging        | |  2.4
Stealth        | |  1.5

Action                   |  1- 3 |  4- 6 || total
-------------------------+-------+-------++-------
Melee: Unarmed           |   114 |   165 ||   279
       Punch             |     1 |     1 ||     2
  Use: Scroll            |     3 |     2 ||     5
 Stab: Sleeping          |     4 |     1 ||     5
Armor: Skin              |       |     1 ||     1
Dodge: Dodged            |    85 |   119 ||   204

Table legend:
 A = Turns spent in this place as a percentage of turns spent in the entire game.
 B = Non-inter-level travel turns spent in this place as a percentage of non-inter-level travel turns spent in the entire game.
 C = Inter-level travel turns spent in this place as a percentage of turns spent in this place.
 D = Turns resting spent in this place as a percentage of non-inter-level travel turns spent in this place.
 E = Turns spent auto-exploring this place as a percentage of non-inter-level travel turns spent in this place.
 F = Non-inter-level travel turns spent in this place divided by the number of levels of this place that you've seen.
                   A       B       C       D       E      F
               +-------+-------+-------+-------+-------+----------------------
         Total | 100.0 | 100.0 |   0.7 |   5.6 |   4.1 | 338.8
       Dungeon | 100.0 | 100.0 |   0.7 |   5.6 |   4.1 | 338.8
               +-------+-------+-------+-------+-------+----------------------

Table legend:
 A = Kills in this place as a percentage of kills in entire the game.
 B = Kills by you in this place as a percentage of kills by you in the entire game.
 C = Kills by friends in this place as a percentage of kills by friends in the entire game.
 D = Other kills in this place as a percentage of other kills in the entire game.
 E = Experience gained in this place as a percentage of experience gained in the entire game.
 F = Experience gained in this place divided by the number of levels of this place that you have seen.
                   A       B       C       D       E      F
               +-------+-------+-------+-------+-------+----------------------
         Total | 100.0 | 100.0 |  -nan |  -nan | 100.0 |  93.0
       Dungeon | 100.0 | 100.0 |  -nan |  -nan | 100.0 |  93.0
               +-------+-------+-------+-------+-------+----------------------
